 Dungeon Crawl Stone Soup version 0.28.0-53-g5a82cb258f (webtiles) character file.

Game seed: 7523665039208124818

13799 Peloso the Carver (level 11, -5/101 (102) HPs)
             Began as a Minotaur Fighter on June 7, 2022.
             Was an Elder of Okawaru.
             Slain by Snorg (11 damage)
             ... on level 11 of the Dungeon.
             The game lasted 00:21:26 (14917 turns).

Peloso the Carver (Minotaur Fighter)               Turns: 14917, Time: 00:21:27

HP:   -5/101 (102)  AC: 21    Str: 24    XL:     11   Next: 80%
MP:   10/10         EV:  9    Int:  5    God:    Okawaru [****..]
Gold: 481           SH:  6    Dex: 17    Spells: 10/10 levels left

rFire   . . .      SeeInvis .   a - +0 long sword
rCold   . . .      Faith    .   c - +0 buckler
rNeg    . . .      Spirit   .   G - +0 plate armour
rPois   .          Reflect  .   H - +1 hat
rElec   .          Harm     .   I - +0 cloak
rCorr   .          Rampage  .   l - +1 pair of gloves
Will    .....                   (no boots)
Stlth   ..........              (no amulet)
HPRegen 0.26/turn               L - +6 ring of dexterity
MPRegen 0.12/turn               (no ring)

@: mighty, lightly drained
A: horns 2, retaliatory headbutt
a: Renounce Religion, Heroism, Finesse


You were on level 11 of the Dungeon.
You worshipped Okawaru.
Okawaru was greatly pleased with you.
You visited 2 branches of the dungeon, and saw 12 of its levels.

You collected 676 gold pieces.
You spent 195 gold pieces at shops.

Inventory:

Hand Weapons
 a - a +0 long sword (weapon)
 b - a +1 spear of flaming
Missiles
 B - 3 throwing nets (quivered)
Armour
 c - a +0 buckler (worn)
 l - a +1 pair of gloves (worn)
 o - a +0 chain mail of fire resistance
 G - a +0 plate armour (worn)
 H - a +1 hat (worn)
 I - a +0 cloak (worn)
Jewellery
 j - an amulet of regeneration
 t - an amulet of guardian spirit
 E - an amulet of faith
 F - a ring of fire
 L - a +6 ring of dexterity (left hand)
 O - a ring of ice
Wands
 k - a wand of digging (2)
 x - a wand of flame (11)
 y - a wand of mindburst (3)
 z - a wand of iceblast (8)
Scrolls
 p - a scroll of magic mapping {unknown}
 r - a scroll of enchant weapon {unknown}
 s - 4 scrolls of teleportation {unknown}
 C - a scroll of amnesia {unknown}
 D - 2 scrolls of immolation {unknown}
 M - a scroll of blinking {unknown}
 N - a scroll of noise
Potions
 e - 3 potions of haste
 f - a potion of brilliance {unknown}
 g - a potion of berserk rage {unknown}
 h - 6 potions of mutation
 i - 5 potions of curing {unknown}
 m - a potion of heal wounds
 n - 8 potions of ambrosia
 q - 2 potions of lignification {unknown}
 u - 2 potions of degeneration {unknown}
 v - 4 potions of magic {unknown}
 A - 3 potions of flight {unknown}
 J - a potion of cancellation {unknown}
 K - a potion of resistance {unknown}


   Skills:
 + Level 11.1 Fighting
 + Level 13.5 Long Blades
 + Level 12.9 Armour
 + Level 3.5 Dodging
 + Level 1.0 Stealth
 + Level 7.5 Shields
 + Level 1.2 Invocations
 + Level 3.0 Evocations


You had 10 spell levels left.
You didn't know any spells.
Your spell library contained the following spells:

 Spells                   Type           Power      Damage    Failure   Level
 Apportation              Tloc           0%         N/A       99%         1
 Magic Dart               Conj           0%         1d3       99%         1
 Shock                    Conj/Air       0%         1d3       99%         1
 Mephitic Cloud           Conj/Pois/Air  0%         N/A       100%        3
 Ozocubu's Armour         Ice            0%         N/A       100%        3
 Swiftness                Air            0%         N/A       100%        3
 Airstrike                Air            0%         N/A       100%        4
 Passage of Golubria      Tloc           0%         N/A       100%        4
 Metabolic Englaciation   Hex/Ice        0%         N/A       100%        5
 Yara's Violent Unravell  Hex/Tmut       0%         3d3       100%        5
 Storm Form               Tmut/Air       0%         N/A       100%        7
 Maxwell's Capacitive Co  Air            0%         ∞         100%        8
 Animate Skeleton         Necr           Unusable   N/A       N/A         1
 Summon Small Mammal      Summ           Unusable   N/A       N/A         1
 Call Imp                 Summ           Unusable   N/A       N/A         2
 Tukima's Dance           Hex            Unusable   N/A       N/A         3
 Summon Lightning Spire   Summ/Air       Unusable   N/A       N/A         4
 Simulacrum               Ice/Necr       Unusable   N/A       N/A         6

Dungeon Overview and Level Annotations

Branches:
Dungeon (11/15)            Temple (1/1) D:5            Lair (0/6) D:8
    Orc (0/2) D:11

Altars:
Ashenzari
Cheibriados
Dithmenos
Elyvilon
Fedhas
Gozag
Hepliaklqana
Kikubaaqudgha
Makhleb
Nemelex Xobeh
Okawaru
Qazlal
Ru
Sif Muna
Trog
Uskayaw
Vehumet
Wu Jian
Xom
Yredelemnul
Zin
The Shining One
Beogh

Shops:
D:7 *   D:8 [   D:9 (([(!   D:10 ([

Annotations:
D:7 Flight
D:11 Snorg


Innate Abilities, Weirdness & Mutations

You have a pair of horns on your head.
You reflexively headbutt those who attack you in melee.


Message History

Snorg is moderately wounded.
Snorg bites you but does no damage. Snorg barely misses you. Snorg claws you.
You slash Snorg!
Snorg is moderately wounded.
You block Snorg's attack. Snorg claws you! Snorg closely misses you.
You barely miss Snorg.
Snorg is moderately wounded.
Snorg closely misses you. Snorg barely misses you.
Snorg claws you but does no damage. Snorg bites you but does no damage.
Snorg claws you but does no damage. Snorg completely misses you.
You slash Snorg! You headbutt Snorg.
Snorg is heavily wounded.
Snorg closely misses you. x2; Snorg claws you but does no damage.
You barely miss Snorg. You headbutt Snorg!
Snorg is heavily wounded.
Snorg bites you but does no damage. Snorg claws you but does no damage.
You block Snorg's attack.
You slash Snorg!
Snorg is heavily wounded.
You block Snorg's attack. x2; Snorg barely misses you.
You slash Snorg! You headbutt Snorg!
Snorg is severely wounded.
Snorg completely misses you. Snorg claws you but does no damage.
Snorg claws you.
You slash Snorg!
Snorg is severely wounded.
You feel like a meek peon again. Snorg bites you but does no damage.
Snorg claws you but does no damage. Snorg claws you!
You hit Snorg.
Snorg is almost dead.
Snorg bites you! Snorg claws you!
* * * LOW HITPOINT WARNING * * *
Snorg barely misses you.
You completely miss Snorg. You headbutt Snorg!
Snorg is almost dead.
Snorg bites you!
* * * LOW HITPOINT WARNING * * *
Snorg claws you!
You die...

#.#####.#.##.##.#
#.#.
#.......#...>...#
#.#.
####.#######.##.#
#.#. #.#
#.##.######.#.
#.#
#.##.....)..#.
#.#####
#.###########.
#.....# #(# #.
#####)# #.. #.
#@# .. .. #T# ##.
#o# #. #.# #. #.#
#. #.# #. #.# <..


You could see Snorg (berserk) and an orc.

Vanquished Creatures
  Gastronok (D:8)
  Fannar (D:11)
  Harold (D:10)
  A two-headed ogre (D:8)
  Urug (D:11)
  Pikel (D:7)
  3 centaur zombies
  A queen bee (D:10)
  4 trolls
  A hornet (D:9)
  Prince Ribbit (D:7)
  Sigmund (D:2)
  3 shadows
  A wyvern (D:9)
  A vampire (D:9)
  6 yaks (D:10)
  4 acid dragons
  A water moccasin (D:6)
  13 orc warriors
  A sky beast (D:7)
  Duvessa (D:7)
  An ice beast (D:4)
  7 ogres
  A necrophage (D:7)
  2 centaurs
  2 phantoms (D:5)
  A lemure (D:7)
  3 kobold brigands
  A bullfrog (D:9)
  A gnoll sergeant (D:7)
  A wyvern zombie (D:7)
  2 scorpions
  Dowan (D:7)
  31 killer bees
  4 wights (D:8)
  A howler monkey (D:8)
  2 electric eels (D:7)
  4 hounds
  2 jellies (D:4)
  8 orc priests
  2 centaur skeletons (D:7)
  4 iguanas
  9 orc wizards
  A howler monkey zombie (D:7)
  8 gnolls
  5 adders
  2 ufetubi (D:4)
  An adder skeleton (D:4)
  3 worms
  2 dart slugs
  43 orcs
  3 bats
  3 bat zombies (D:4)
  10 endoplasms
  4 giant cockroaches
  8 goblins
  3 hobgoblins
  2 jackals (D:3)
  3 quokkas
  4 ball pythons
  2 frilled lizards
  15 kobolds
  2 rats (D:1)
  A rat zombie (D:4)
263 creatures vanquished.

Vanquished Creatures (others)
  4 toadstools (D:4)
4 creatures vanquished.

Grand Total: 267 creatures vanquished

Notes
Turn   | Place    | Note
-------+----------+-------------------------------------------
     0 | D:1      | Peloso the Minotaur Fighter began the quest for the Orb.
     0 | D:1      | Reached XP level 1. HP: 19/19 MP: 0/0
   198 | D:1      | Reached XP level 2. HP: 12/27 MP: 1/1
   988 | D:2      | Reached XP level 3. HP: 34/34 MP: 2/2
  1225 | D:2      | Reached skill level 3 in Long Blades
  1361 | D:2      | Found a faded altar of an unknown god.
  1420 | D:2      | Reached XP level 4. HP: 30/41 MP: 3/3
  1534 | D:2      | Noticed Sigmund
  1542 | D:2      | Killed Sigmund
  1543 | D:2      | Reached skill level 4 in Long Blades
  1543 | D:2      | Reached skill level 1 in Dodging
  1543 | D:2      | Reached XP level 5. HP: 39/47 MP: 4/4
  1918 | D:3      | Reached skill level 5 in Long Blades
  2040 | D:3      | Reached skill level 5 in Armour
  2134 | D:3      | Reached XP level 6. HP: 30/55 MP: 5/5
  2854 | D:4      | Reached skill level 5 in Fighting
  3160 | D:4      | Noticed an ice beast
  3187 | D:4      | Reached skill level 6 in Long Blades
  3187 | D:4      | Reached XP level 7. HP: 44/61 MP: 6/6
  3321 | D:4      | Found an ancient bone altar of Kikubaaqudgha.
  3989 | D:5      | Entered Level 5 of the Dungeon
  4032 | D:5      | Reached skill level 7 in Long Blades
  4186 | D:5      | Found a staircase to the Ecumenical Temple.
  4195 | Temple   | Entered the Ecumenical Temple
  4281 | D:5      | You fall into a shaft and drop 2 floors!
  4306 | D:7      | HP: 2/62 [wyvern zombie (10)]
  4642 | D:7      | Reached XP level 8. HP: 54/70 MP: 7/7
  4780 | D:7      | Found a white marble altar of Elyvilon.
  4838 | D:7      | Noticed Prince Ribbit
  4855 | D:7      | Killed Prince Ribbit
  4994 | D:7      | Found Dast's Overcharged Wands.
  5017 | D:7      | Reached skill level 8 in Long Blades
  5338 | D:5      | Found a shadowy altar of Dithmenos.
  5814 | D:6      | Reached skill level 5 in Shields
  6038 | D:6      | Found a shimmering blue altar of Sif Muna.
  6259 | D:6      | Found a glowing silver altar of Zin.
  6287 | D:6      | Reached skill level 9 in Long Blades
  6287 | D:6      | Reached XP level 9. HP: 61/78 MP: 8/8
  6291 | D:6      | Found a shimmering altar of Xom.
  6619 | D:7      | Noticed Dowan
  6621 | D:7      | Noticed Duvessa
  6623 | D:7      | Killed Dowan
  6631 | D:7      | Killed Duvessa
  7018 | D:7      | Noticed Pikel
  7036 | D:7      | Killed Pikel
  7048 | D:7      | Reached skill level 1 in Evocations
  7051 | D:7      | Reached skill level 10 in Long Blades
  7372 | D:7      | Reached skill level 10 in Armour
  8007 | D:8      | Noticed a two-headed ogre
  8016 | D:8      | Killed a two-headed ogre
  8017 | D:8      | Reached skill level 11 in Long Blades
  8017 | D:8      | Reached XP level 10. HP: 67/88 MP: 9/9
  8213 | D:8      | Noticed Gastronok
  8515 | D:8      | Found Qash's Armour Shoppe.
  8532 | D:8      | Found an iron altar of Okawaru.
  8541 | D:8      | Became a worshipper of Warmaster Okawaru
  8629 | D:8      | Killed Gastronok
  8630 | D:8      | Reached skill level 1 in Stealth
  8726 | D:8      | Found a bloodstained altar of Trog.
  8739 | D:8      | Found an ornate altar of the Wu Jian Council.
  8792 | D:8      | Found a basalt altar of Yredelemnul.
  8896 | D:8      | Found a staircase to the Lair.
  9388 | D:9      | Found Tosyin's Distillery.
  9407 | D:9      | Bought a potion of heal wounds for 75 gold pieces
  9407 | D:9      | Bought a potion of mutation for 120 gold pieces
  9453 | D:9      | Found Ruprokh's Weapon Shop.
  9657 | D:9      | Found Vekierel's Antique Weapon Emporium.
  9711 | D:9      | Reached skill level 12 in Long Blades
  9985 | D:9      | Found Offir's Antique Weapon Boutique.
 10368 | D:9      | Found Uwkic's Antique Armour Shoppe.
 10391 | D:9      | Reached * piety under Okawaru
 10726 | D:10     | Entered Level 10 of the Dungeon
 10745 | D:10     | Found a sparkling altar of Nemelex Xobeh.
 10790 | D:10     | Found a glowing golden altar of the Shining One.
 10973 | D:10     | Reached XP level 11. HP: 94/97 MP: 10/10
 10993 | D:10     | Reached skill level 10 in Fighting
 11181 | D:10     | Found Nyisiw's Antique Weapon Shoppe.
 11201 | D:10     | Found Leont's Antique Armour Shoppe.
 11337 | D:10     | Noticed Harold
 11350 | D:10     | Killed Harold
 11536 | D:10     | Reached ** piety under Okawaru
 13090 | D:11     | Noticed Urug
 13106 | D:11     | Killed Urug
 13106 | D:11     | Reached *** piety under Okawaru
 13107 | D:11     | Reached skill level 13 in Long Blades
 13107 | D:11     | Reached skill level 1 in Invocations
 13339 | D:11     | Found a staircase to the Orcish Mines.
 13703 | D:11     | Noticed Fannar
 13727 | D:11     | HP: 5/102 [Fannar/refrigeration (27)]
 13738 | D:11     | Killed Fannar
 14743 | D:11     | Reached **** piety under Okawaru
 14888 | D:11     | Noticed Snorg
 14917 | D:11     | Slain by Snorg

Illustrated notes

Levels and vault maps discovered:
D:1:      elethiomel_arrival_maze, layout_basic
D:2:      layout_loops_cross, dilly_ecumenical_altar_fadedgnrine, uniq_sigmund
D:3:      layout_loops_corners
D:4:      layout_basic, lemuel_zombie_altar_kikubaaqudgha,
          amcnicky_mini_pool_small, minmay_gold_behind_fungi
D:5:      layout_basic, grunt_dithmenos_shadows, minmay_temple_entry_mist,
          small_statue_intersection
D:6:      layout_cave_pools, zin_statuary, lemuel_coloured_pillars_altar,
          mainiacjoe_overflow_concentric_impassable, serial_column_ruins,
          column_ruins_square_medium, column_ruins_square_large,
          column_ruins_grid_1, column_ruins_corridor_straight,
          column_ruins_open_small, column_ruins_grid_1, column_ruins_open_small,
          column_ruins_open_tiny
D:7:      statuecave_lemuel, layout_basic, mainiacjoe_overflow_surrounded_room,
          minmay_misc_feat_doors, nicolae_shop_overcharged_wands, uniq_duvessa,
          uniq_prince_ribbit1, uniq_pikel
D:8:      layout_rooms, mainiacjoe_overflow_tiny_flanked,
          mainiacjoe_overflow_catwalk, kennysheep_little_box,
          mainiacjoe_overflow_small_starburst, lair_entry_dummy,
          nicolae_wooded_promenade, uniq_gastronok
D:9:      layout_roguey, serial_shops, nicolae_square_shop, shop_statue,
          nicolae_square_shop, nicolae_shop_trees, nicolae_shop_trees,
          chequers_decorated_corner, hangedman_abyss_or_decor_jellyfish_corner
D:10:     layout_loops_ring, nemelex_xobeh_ov_fountains_minmay, tso_metal_star,
          serial_shops, shop, shop, special_room [special_room_bee], uniq_harold
D:11:     layout_loops_ring, minmay_orc_entry_temple_small, special_room
          [special_room_orc], uniq_snorg, uniq_urug, uniq_fannar
Temple:   compressed_dpeg_circular_temple

Skill      XL: |  1  2  3  4  5  6  7  8  9 10 11 |
---------------+----------------------------------+-----
Fighting       | 4 5 6 8 9 11 | 11.1
Shields        | 4 5 6 7 |  7.5
Armour         | 4 5 6 8 10 11 12 | 12.9
Long Blades    | 3 4 5 6 7 9 11 12 13 | 13.5
Dodging        | 1 2 3 |  3.5
Evocations     | 2 3 |  3.0
Stealth        | 1 |  1.0
Invocations    | 1 |  1.2

Action                   |  1- 3 |  4- 6 |  7- 9 | 10-12 || total
-------------------------+-------+-------+-------+-------++-------
Melee: Long sword        |    64 |    63 |   287 |   498 ||   912
       Headbutt          |     6 |    10 |    67 |   123 ||   206
Invok: Heroism           |       |       |       |    14 ||    14
Evoke: Wand              |       |       |    16 |     7 ||    23
  Use: Scroll            |       |       |     4 |     2 ||     6
       Potion            |       |       |       |     7 ||     7
Armor: Scale mail        |    24 |    16 |    35 |       ||    75
       Chain mail        |       |       |   103 |     1 ||   104
       Plate armour      |       |       |       |   254 ||   254
Dodge: Dodged            |    32 |    30 |   125 |   191 ||   378
Block: Buckler           |    13 |    12 |    72 |   144 ||   241
